 Dungeon Crawl Stone Soup version 0.30-a0-141-g30f27751c5 (webtiles) character file.

Game seed: 10934577123354847598

36 porpoise the Poker (level 3, 0/28 HPs)
             Began as a Demonspawn Gladiator on Sept 25, 2022.
             Slain by a goblin
             ... wielding a +0 club
             ... led by Robin
              (1 damage)
             ... on level 2 of the Dungeon on Sept 26, 2022.
             The game lasted 00:02:52 (1235 turns).

porpoise the Poker (Demonspawn Gladiator)           Turns: 1235, Time: 00:02:53

Health: 0/28       AC:  7    Str: 16    XL:     3   Next: 19%
Magic:  3/3        EV: 12    Int:  9    God:
Gold:   32         SH:  0    Dex: 14    Spells: 2/2 levels left

rFire   . . .      SeeInvis .    a - +0 trident
rCold   . . .      Faith    .    (no shield)
rNeg    . . .      Spirit   .    b - +0 leather armour
rPois   +          Reflect  .    c - +0 helmet
rElec   .          Harm     .    (no cloak)
rCorr   .          Rampage  .    m - +0 pair of gloves
Will    .....                    (no boots)
Stlth   +.........               (no amulet)
HPRegen 0.09/turn                f - ring of poison resistance
MPRegen 0.08/turn                (no ring)

@: flying, invisible
A: claws 1, slimy green scales 1
a: no special abilities


You were on level 2 of the Dungeon.
You visited 1 branch of the dungeon, and saw 2 of its levels.

You collected 32 gold pieces.

Inventory:

Hand Weapons
 a - a +0 trident (weapon)
Missiles
 d - 3 throwing nets (quivered)
 e - a javelin
Armour
 b - a +0 leather armour (worn)
 c - a +0 helmet (worn)
 m - a +0 pair of gloves (worn)
Jewellery
 f - a ring of poison resistance (left hand)
 i - a ring of ice
Scrolls
 g - a scroll of vulnerability {unknown}
 h - a scroll of identify {unknown}


   Skills:
 + Level 2.6 Fighting
 * Level 3.6 Polearms
 - Level 1.7 Throwing
 - Level 2.6 Dodging


You had 2 spell levels left.
You didn't know any spells.
Your spell library contained the following spells:

 Spells                   Type           Power      Damage    Failure   Level
 Freeze                   Ice            0%         1d3       45%         1
 Frozen Ramparts          Ice            0%         1d1       83%         3
 Hailstorm                Conj/Ice       0%         3d3       99%         4


Dungeon Overview and Level Annotations

Branches:
Dungeon (2/15)

Altars:

Shops:
D:1 (

Annotations:
D:2 Robin


Innate Abilities, Weirdness & Mutations

You have sharp fingernails.
You are partially covered in slimy green scales. (AC +2)


Message History

The goblin barely misses you. Robin misses you.
The goblin hits you but does no damage. The goblin hits you with a +0 club.
Robin hits you but does no damage. The goblin barely misses you.
You completely miss Robin.
Robin is heavily wounded.
Robin roars a battlecry!
The goblins go into a battle-frenzy!
The goblin hits you with a +0 dagger.
* * * LOW HITPOINT WARNING * * *
The goblin barely misses you.
You hit Robin but do no damage.
Robin is heavily wounded.
The goblin no longer looks unusually strong. x2
The goblin hits you with a +0 dagger.
* * * LOW HITPOINT WARNING * * *
The goblin closely misses you.
Robin roars a battlecry!
The goblins go into a battle-frenzy!
You barely miss Robin.
Robin is heavily wounded.
The hobgoblin no longer looks unusually strong.
The goblin hits you but does no damage. The goblin closely misses you.
Robin hits you with a +4 club.
* * * LOW HITPOINT WARNING * * *
It was a potion of mutation.
You feel extremely strange.
You feel resistant to cold.
You no longer feel cold resistant.
Robin roars a battlecry!
The hobgoblin goes into a battle-frenzy!
The goblin hits you but does no damage. The goblin hits you with a +0 club.
* * * LOW HITPOINT WARNING * * *
It was a potion of flight.
You feel very buoyant.
You fly up into the air.
The goblin hits you with a +0 dagger.
* * * LOW HITPOINT WARNING * * *
The goblin barely misses you. Robin barely misses you.
It was a potion of invisibility.
You fade into invisibility!
Robin misses you. The goblin closely misses you.
The goblin hits you with a +0 club.
You die...

########.#
..#..##+#........#
...........>....####
....................
..............#####
#gg##.#.......#
Sg##.#.......#
#g##.#.......#
#@##.#.......#
#gg.....######
####.##.# #.##.#
#.##.# #.##.# #.##.#
.....# #.####


You could see Robin (unable to see you), a hobgoblin (strong, unable to see
you), 4 goblins and a ball python (unable to see you).

Vanquished Creatures
  A gnoll (D:1)
  A worm (D:2)
  A dart slug (D:1)
  2 bats (D:1)
  An endoplasm (D:1)
  A giant cockroach (D:1)
  4 goblins
  3 hobgoblins (D:2)
  3 ball pythons (D:1)
  5 rats
22 creatures vanquished.

Notes
Turn   | Place    | Note
-------+----------+-------------------------------------------
     0 | D:1      | porpoise the Demonspawn Gladiator began the quest for the
                  | Orb.
     0 | D:1      | Reached XP level 1. HP: 16/16 MP: 1/1
   184 | D:1      | Found Puwoidou's Antique Weapon Emporium.
   327 | D:1      | Reached skill level 3 in Polearms
   398 | D:1      | Gained mutation: You are partially covered in slimy green
                  | scales. (AC +2) [demonic ancestry]
   398 | D:1      | Reached XP level 2. HP: 19/22 MP: 2/2
  1193 | D:2      | Gained mutation: You have sharp fingernails. [demonic
                  | ancestry]
  1193 | D:2      | Reached XP level 3. HP: 28/28 MP: 3/3
  1212 | D:2      | Noticed Robin
  1233 | D:2      | Gained mutation: Your flesh is cold resistant. (rC+)
                  | [potion of mutation]
  1233 | D:2      | Lost mutation: Your flesh is cold resistant. (rC+) [potion
                  | of mutation]
  1234 | D:2      | HP: 1/28 [goblin/+0 dagger[Robin] (2)]
  1235 | D:2      | Slain by a goblin

Illustrated notes

Levels and vault maps discovered:
D:1:      lightli_arrival_chessboard, layout_loops_cross, serial_glass,
          glass_columns_b, glass_columns_b, serial_shops, nicolae_square_shop
D:2:      layout_basic, uniq_robin

Skill      XL: |  1 |
---------------+----+-----
Polearms       | 3 |  3.6
Fighting       | |  2.6
Throwing       | |  1.7
Dodging        | |  2.6

Action                   || total
-------------------------++-------
Melee: Trident           ||    94
       Punch             ||     1
  Use: Potion            ||     3
 Stab: Sleeping          ||     1
Armor: Leather armour    ||    26
Dodge: Dodged            ||    64

Table legend: (Time is in decaauts)
 A = Elapsed time spent in this place.
 B = Non-inter-level travel time spent in this place.
 C = Inter-level travel time spent in this place.
 D = Time resting spent in this place.
 E = Time spent auto-exploring this place.
 F = Levels seen in this place.
 G = Mean time per level.
                   A        B        C        D        E       F      G
               +--------+--------+--------+--------+--------+-----+--------+
         Total |   1248 |   1236 |     12 |    506 |    503 |   2 |  624.0 |
       Dungeon |   1248 |   1236 |     12 |    506 |    503 |   2 |  624.0 |
               +--------+--------+--------+--------+--------+-----+--------+

Top non-repeatable levels by time:
     D:1: 1114 daAuts
     D:2: 134 daAuts
